[Event "Late-Titled-Tuesday-Blitz-September-05-2023"]
[Site "Chess.com"]
[Date "2023.09.05"]
[Round "11"]
[White "MajorCoast"]
[Black "Colombiano07"]
[Result "0-1"]
[WhiteElo "2297"]
[BlackElo "2421"]
[TimeControl "180+1"]
[EndTime "16:05:55 PDT"]
[Termination "Colombiano07 won on time"]

1. d4 d5 2. Nf3 Nf6 3. c3 Bf5 4. c4 c6 5. Nc3 e6 6. Qb3 Qb6 7. c5 Qc7 8. Bf4 Qc8 9. e3 Nbd7 10. h3 h6 11. Be2 b6 12. cxb6 axb6 13. Rc1 Qb7 14.
O-O Be7 15. Ne5 Nxe5 16. Bxe5 O-O 17. Na4 Nd7 18. Bg3 b5 19. Nc5 Nxc5 20. dxc5 Bf6 21. a3 Qa6 22. Bd3 Qa4 23. Qxa4 Rxa4 24. Bxf5 exf5 25.
Rc2 b4 26. axb4 Rxb4 27. Ra1 Rxb2 28. Rxb2 Bxb2 29. Ra6 Rc8 30. Kf1 f6 31. Ke2 Be5 32. f4 Bb2 33. Be1 d4 34. exd4 Bxd4 35. Bf2 Re8+ 36.
Kf3 Bxf2 37. Kxf2 Re4 38. Rxc6 Rxf4+ 39. Kg3 Rc4 40. Rc8+ Kh7 41. c6 h5 42. Kf3 h4 43. c7 Kg6 44. Ke3 Kf7 45. Rh8 Rc3+ 46. Kf2 Rxc7 47. Rxh4 Kg6 48. Rf4 Kg5 49. Rf3 Rc2+ 50.
Kg3 g6 51. h4+ Kh5 52. Kh3 Rc4 53. g3 Rd4 54. Rb3 Rd1 55. Ra3 Rh1+ 56. Kg2 Rb1 57. Rc3 Rb4 58. Kh3 Rb1 59. Rd3 Rh1+ 60. Kg2 Re1 61. Kh3 Rg1 62. Rd8 Kh6 63. Rh8+ Kg7 64. Ra8 Re1 65. Ra7+ Kf8 66. Ra8+ Kf7 67. Ra7+ Re7 68. Ra6 Kg7 69. Kg2 Rf7 70. Kh3 Kh6 71. Kg2 Kh5 72. Kf3 g5 73. hxg5 fxg5 74. Ra2 Rb7 75. Rh2+ Kg6 76. Rc2 Rb3+ 77. Kf2 Kh5 78. Kg2 Rb4 79. Rc3 Kg4 80. Rd3 Rb2+ 81. Kg1 Re2 82.
Rc3 Kh3 83. Rb3 Rg2+ 84. Kh1 Rxg3 85. Rb5 Rf3 0-1

[Event "Late-Titled-Tuesday-Blitz-September-05-2023"]
[Site "Chess.com"]
[Date "2023.09.05"]
[Round "11"]
[White "Hikaru"]
[Black "BogdanDeac"]
[Result "1-0"]
[WhiteElo "3240"]
[BlackElo "3007"]
[TimeControl "180+1"]
[EndTime "16:05:56 PDT"]
[Termination "Hikaru won by resignation"]

1. Nf3 c5 2. e4 Nc6 3. c3 d5 4. exd5 Qxd5 5. Na3 Bf5 6. d4 e6 7. Be3 cxd4 8. Nb5 O-O-O 9. Nbxd4 Bc5 10. Qa4 Nxd4 11.
Nxd4 Ne7 12. O-O-O Bb6 13. Be2 Qe4 14. Qc4+ Kb8 15. Nxf5 Qxc4 16. Bxc4 Nxf5 17. Bxb6 axb6 18. Bd3 Ne7 19. Kc2 h5 20. h4 Kc7 21. Rh3 Nc6 22. Re1 Rd7 23. Be4 Rhd8 24. Rd3 Rxd3 25. Bxd3 g6 26. Re3 Rd5 27. a4 Ne5 28. Be2 Nd7 29.
Bb5 Rf5 30. f3 Nf6 31. Rd3 Re5 32. Rd1 Rf5 33. Rd4 Nd5 34. Bd3 Re5 35. Kd2 Ne7 36.
Rf4 f5 37. Bc4 Nc6 38. Ba2 Kd6 39. b4 Ke7 40. Rc4 Rd5+ 41. Ke2 Kd7 42. Rxc6 bxc6 43. Bxd5 exd5 44. Kd3 c5 45. Kc2 Kc6 46. Kb3 Kd6 47.
a5 Kc6 48. Ka4 b5+ 49. Kb3 d4 50. cxd4 c4+ 51. Kc3 f4 52. Kc2 Kb7 53. d5 Kc7 54. a6 Kb6 55. d6 1-0

[Event "Late-Titled-Tuesday-Blitz-September-05-2023"]
[Site "Chess.com"]
[Date "2023.09.05"]
[Round "11"]
[White "Dr_crypt"]
[Black "sterpfi"]
[Result "1-0"]
[WhiteElo "2380"]
[BlackElo "2183"]
[TimeControl "180+1"]
[EndTime "16:05:56 PDT"]
[Termination "Dr_crypt won by resignation"]

1. d4 d5 2. c4 e6 3. Nc3 Nf6 4. c5 b6 5. cxb6 axb6 6. Nf3 c5 7. e3 Be7 8. Be2 Ba6 9. O-O O-O 10. b3 Bxe2 11. Qxe2 Nc6 12. Bb2 Qc7 13. Rfd1 Ra7 14. Nb5 Qb7 15. Nxa7 Qxa7 16. Ne5 Nxe5 17. dxe5 Nd7 18.
a4 Qc7 19. f4 Nb8 20. f5 exf5 21. Rxd5 Nc6 22. Rad1 Rd8 23. Rxd8+ Nxd8 24. Qd3 g6 25.
Qd7 Qxd7 26. Rxd7 Kf8 27. Kf2 Ke8 28. Ra7 Nc6 29. Ra8+ Bd8 30. Bc3 Kd7 31. e4 fxe4 32.
Ke3 Kc7 33. Kxe4 Kb7 34. Rxd8 Nxd8 35. Kd5 Kc7 36. a5 Nb7 37. a6 Nd8 38. a7 Kb7 39.
Kd6 Ne6 40. Ke7 Ng5 41. Bd2 Ne4 42. Be3 b5 43. Kxf7 c4 44. bxc4 bxc4 45. e6 Nd6+ 46. Kf8 c3 47. e7 c2 48. e8=Q Nxe8 49. Kxe8 c1=Q 50. Bxc1 Kxa7 51. Kf7 Kb6 52. Kg7 1-0

[Event "Late-Titled-Tuesday-Blitz-September-05-2023"]
[Site "Chess.com"]
[Date "2023.09.05"]
[Round "11"]
[White "Godzillator"]
[Black "slidingknight2775"]
[Result "0-1"]
[WhiteElo "2359"]
[BlackElo "2567"]
[TimeControl "180+1"]
[EndTime "16:05:58 PDT"]
[Termination "slidingknight2775 won by resignation"]

1. Nf3 d5 2. d4 Nf6 3. b3 Bf5 4.
Bb2 e6 5. e3 c6 6. Bd3 h6 7. O-O Nbd7 8. Bxf5 exf5 9. c4 Qb6 10.
Nc3 dxc4 11. Na4 Qb5 12. Nc3 Qa6 13. Ne5 Nxe5 14. dxe5 Nd7 15. e6 fxe6 16. Qh5+ Ke7 17. Rfd1 Nf6 18. Qg6 h5 19. a4 c5 20. Nb5 Rh6 21.
Bxf6+ gxf6 22. Qg3 Qc6 23. bxc4 h4 24. Qf4 Rg6 25.
f3 Bh6 26. Qd6+ Qxd6 27. Rxd6 Bxe3+ 28. Kf1 a6 29. Rxe6+ Kxe6 30. Nc7+ Kd7 31. Nxa8 f4 32. a5 h3 33. Nb6+ Ke6 34. g3 fxg3 35. hxg3 Rxg3 36.
Ke2 Rg1 37. Rxg1 Bxg1 38. Kf1 h2 39. Kg2 Be3 40. Kxh2 Bd2 41. Nd5 Bxa5 42. Kg3 b5 43.
Ne3 Bd2 44. Nf1 Bc3 45. Kf4 b4 46. Ke4 a5 47. Kd3 a4 48. Kc2 a3 49. Ne3 Ke5 50. Nd5 a2 51. f4+ Ke4 52. Nxf6+ Kf3 53. Nd5 a1=Q 54. Nxc3 Qxc3+ 55. Kd1 Qxc4 56. f5 Qe2+ 57.
Kc1 b3 0-1

[Event "Late-Titled-Tuesday-Blitz-September-05-2023"]
[Site "Chess.com"]
[Date "2023.09.05"]
[Round "11"]
[White "The_Straightforward_Rook"]
[Black "Taran2004"]
[Result "1-0"]
[WhiteElo "2494"]
[BlackElo "2414"]
[TimeControl "180+1"]
[EndTime "16:06:01 PDT"]
[Termination "The_Straightforward_Rook won by checkmate"]

1. d4 Nf6 2. c4 c5 3. d5 b5 4.
cxb5 a6 5. e3 d6 6. Nc3 g6 7. a4 Bg7 8. Ra3 O-O 9. Nf3 Bb7 10. e4 Nbd7 11. Be2 axb5 12. Bxb5 Qa5 13. O-O Ba6 14. Bd2 Bxb5 15. axb5 Qb6 16. Qb3 Rfb8 17.
Rfa1 Qb7 18. h3 Nb6 19. Ra6 Re8 20. Qa2 Nfd7 21. Qa5 Reb8 22. Ra7 Rxa7 23. Qxa7 h6 24. Qxb7 Rxb7 25. Kf1 Nc4 26. Ra8+ Kh7 27. Be1 Nxb2 28.
Re8 Ne5 29. Nxe5 Bxe5 30. Ne2 Bf6 31. Bc3 Bxc3 32. Nxc3 Kg7 33. f4 Nd3 34. g3 f5 35.
Ke2 fxe4 36. Nxe4 Nb4 37. Nc3 Nc2 38. Kd3 Nd4 39. Kc4 Kf7 40. Rh8 Kg7 41. Ra8 Kf6 42.
Ra6 g5 43. b6 gxf4 44. gxf4 Kf5 45. Na4 e6 46. Ra7 Rb8 47. Rf7+ Kg6 48. dxe6 Nxe6 49.
Rd7 d5+ 50. Kxd5 Nxf4+ 51. Kxc5 Nxh3 52. b7 Nf4 53. Kb6 Ne6 54. Ka7 Rxb7+ 55. Kxb7 h5 56.
Nc3 h4 57. Ne2 Kf5 58. Ng1 Kg4 59. Re7 Ng5 60. Rg7 h3 61. Nxh3 Kxh3 62. Rxg5 Kh4 63. Rg8 Kh3 64. Kc6 Kh4 65. Kd5 Kh5 66. Ke5 Kh6 67. Kf5 Kh7 68. Rg1 Kh6 69. Rg2 Kh7 70. Kf6 Kh8 71. Kf7 Kh7 72. Rh2# 1-0

[Event "Late-Titled-Tuesday-Blitz-September-05-2023"]
[Site "Chess.com"]
[Date "2023.09.05"]
[Round "11"]
[White "Akhayan"]
[Black "rdarruda"]
[Result "0-1"]
[WhiteElo "2348"]
[BlackElo "2512"]
[TimeControl "180+1"]
[EndTime "16:06:02 PDT"]
[Termination "rdarruda won by resignation"]

1. e4 c5 2. Nf3 Nc6 3. Nc3 Nf6 4. Bb5 d6 5. d4 cxd4 6. Qxd4 Bd7 7. Bxc6 Bxc6 8.
Bg5 e6 9. O-O-O Be7 10. Kb1 Qc7 11. h4 a6 12. Nd2 O-O-O 13. Nc4 Kb8 14. f3 h6 15. Be3 b5 16. Na5 Ba8 17. Rd3 e5 18. Qb6+ Qxb6 19. Bxb6 Rc8 20. Rhd1 Nd7 21. Be3 Rhd8 22.
h5 Nc5 23. Bxc5 dxc5 24. Nd5 Bg5 25. Nb6 Rxd3 26. Rxd3 Rd8 27. Nd7+ Kc7 28. Nxc5 Kb6 29. Rxd8 Bxd8 30. Nab3 Bc7 31. Nd3 f6 32. Nd2 Bc6 33.
Nf1 Bd7 34. Ne3 Bd6 35. b3 Ba3 36. c4 Bf8 37. Nd5+ Kc6 38. Kc2 bxc4 39. bxc4 Kb7 40. Kb3 Bd6 41. c5 Bf8 42. Kc4 Bb5+ 43. Kc3 a5 44. g3 Kc6 45. f4 exf4 46. N3xf4 Bxc5 47. Ne6 Bf2 48. Nxg7 Bxg3 49. Nf5 Be5+ 50. Kc2 Bc4 51.
Nde7+ Kd7 52. a3 Be2 53. Nd5 Bxh5 54. Nxh6 Bg6 55. Nf5 Bxf5 56. exf5 Kd6 57. Ne3 Kc5 58.
Kb3 Bf4 59. Nc4 Bc7 60. Nd2 Kd4 61. Ka4 Ke5 62. Kb5 Kxf5 63. Kc6 Bd8 64. a4 Ke5 65.
Nc4+ Kd4 66. Nxa5 Bxa5 0-1

[Event "Late-Titled-Tuesday-Blitz-September-05-2023"]
[Site "Chess.com"]
[Date "2023.09.05"]
[Round "11"]
[White "jcibarra"]
[Black "pouya21"]
[Result "1/2-1/2"]
[WhiteElo "2904"]
[BlackElo "2810"]
[TimeControl "180+1"]
[EndTime "16:06:05 PDT"]
[Termination "Game drawn - insufficient material"]

1. e4 c5 2. Nf3 d6 3. c3 Nf6 4. h3 g6 5. Bd3 Bg7 6. Bc2 O-O 7. O-O Nc6 8. d4 cxd4 9. cxd4 e5 10. Nc3 exd4 11. Nxd4 d5 12. Nxc6 bxc6 13. Bg5 h6 14. Be3 Nxe4 15. Nxe4 dxe4 16. Bxe4 Bxb2 17. Bxh6 Bg7 18. Bxc6 Qxd1 19. Raxd1 Rb8 20. Bf4 Rb6 21. Bd5 Be6 22. Be3 Ra6 23. Bxe6 Rxe6 24. Rd7 Ra6 25. a3 Rc8 26. Rxa7 Rxa7 27. Bxa7 Bf8 28. Ra1 Ra8 29.
Bd4 Rxa3 30. Rb1 Bg7 31. Rb8+ Kh7 32. Bxg7 Kxg7 33. Rb5 f6 34. Kh2 g5 35. h4 gxh4 36.
Rh5 Kg6 37. Rxh4 Ra2 38. Kg3 Ra3+ 39. f3 Ra2 40. Rg4+ Kf7 41. Kh4 Ra5 42. Rc4 Kg6 43. Rc8 Ra1 44. Rc5 Rh1+ 45. Kg4 Ra1 46. Kh4 Rh1+ 47. Kg3 Ra1 48. Kg4 Ra2 49. g3 Ra4+ 50.
f4 Rb4 51. Ra5 Rc4 52. Rb5 Ra4 53. Rb7 Rc4 54. Rb6 Ra4 55. Kh4 Ra1 56. Kg4 Ra4 57. Rb1 Rc4 58. Ra1 Rb4 59. Rf1 Ra4 60. Kh4 Rb4 61.
Rf2 Rb8 62. Ra2 Rb4 63. Ra8 Rc4 64. Rg8+ Kf7 65. Rg4 Rc1 66. Kh3 Rh1+ 67. Kg2 Ra1 68. Rh4 Kg6 69. Rg4+ Kf7 70. f5 Ra5 71. Rf4 Kg7 72.
Kh3 Kh6 73. Kg4 Rb5 74. Re4 Ra5 75. Rb4 Rc5 76. Ra4 Rb5 77. Rf4 Rc5 78. Kh4 Rb5 79. Kh3 Kg5 80. Rh4 Rxf5 81. Rg4+ Kh6 82. Rg8 Rg5 83. Rxg5 Kxg5 84. Kh2 f5 85. Kg2 Kg4 86. Kf2 f4 87. gxf4 Kxf4 1/2-1/2

[Event "Late-Titled-Tuesday-Blitz-September-05-2023"]
[Site "Chess.com"]
[Date "2023.09.05"]
[Round "11"]
[White "santosalberto1987"]
[Black "BeanScreen"]
[Result "0-1"]
[WhiteElo "2549"]
[BlackElo "2700"]
[TimeControl "180+1"]
[EndTime "16:06:09 PDT"]
[Termination "BeanScreen won on time"]

1. e4 e5 2. Nf3 Nc6 3. Bc4 Nf6 4. d3 Be7 5. O-O O-O 6. Re1 d6 7. c3 Na5 8. Bb5 a6 9. Ba4 b5 10. Bc2 c5 11. d4 exd4 12. cxd4 Bg4 13. h3 Bxf3 14. Qxf3 cxd4 15. Rd1 Rc8 16. Bd3 Nc4 17. b3 Ne5 18. Qe2 Nh5 19. g3 Bg5 20. Bb2 g6 21. Bxd4 Qf6 22. Kg2 Qe6 23. Nd2 d5 24. Nf3 Nxd3 25.
Nxg5 Qe7 26. Qxd3 Qxg5 27. Be3 dxe4 28. Bxg5 exd3 29. Rxd3 Rc2 30. a4 Rb8 31. axb5 Rxb5 32. Bh6 f6 33. Rxa6 Rf5 34. Rf3 Rxf3 35. Kxf3 Rc3+ 36.
Kg2 Rxb3 37. Ra7 g5 38. Ra4 Kf7 39. h4 gxh4 40. Rxh4 Kg6 41. Be3 f5 42. Ra4 Rb2 43. Ra6+ Kf7 44. Ra7+ Kg6 45. Ra6+ Kf7 46. Kf3 Rc2 47.
Rh6 Nf6 48. Bg5 Ne4 49. Be3 Kg7 50. Ra6 Kf7 51. Ra5 Kg6 52. Ra6+ Kf7 53. Rh6 Kg7 54. Rb6 Kg8 0-1

[Event "Late-Titled-Tuesday-Blitz-September-05-2023"]
[Site "Chess.com"]
[Date "2023.09.05"]
[Round "11"]
[White "Marcin"]
[Black "azikom"]
[Result "0-1"]
[WhiteElo "2478"]
[BlackElo "2643"]
[TimeControl "180+1"]
[EndTime "16:06:09 PDT"]
[Termination "azikom won by checkmate"]

1. e4 Nf6 2. e5 Nd5 3. c4 Nb6 4. c5 Nd5 5. Nc3 e6 6. Nxd5 exd5 7. d4 b6 8. cxb6 axb6 9. Nf3 Ba6 10. Bxa6 Nxa6 11.
O-O c6 12. Bg5 Be7 13. Bxe7 Qxe7 14. Re1 Nc7 15. Qd2 Ne6 16. g3 O-O 17. Nh4 g6 18. f4 f5 19. exf6 Qxf6 20. Nf3 Ra4 21. b3 Ra3 22.
Ne5 Qe7 23. Re2 Qd6 24. Qd3 Ng7 25. Rae1 Nf5 26. Ng4 Raa8 27. Kh1 b5 28. h4 h5 29.
Ne5 Kg7 30. Kh2 Rh8 31. Nf3 Qf6 32. Ng5 b4 33. Re5 Rhf8 34. Kh3 Rxa2 35. Qd1 Rh8 36. Qc1 Rha8 37. Qc5 d6 38. Qxc6 dxe5 39. Qd7+ Qe7 40.
Ne6+ Kh6 41. Qxd5 R2a5 42. Nc5 Qd8 43. Rxe5 Qxd5 44. Rxd5 Nxd4 45. Rxd4 Rxc5 46. Rxb4 Rc3 47. Rb6 Ra3 48. Kg2 Raxb3 49. Rd6 Rxg3+ 50. Kf2 Rgc3 51. Kg2 Rc2+ 52. Kf1 Rb1+ 53. Rd1 Rxd1# 0-1

[Event "Late-Titled-Tuesday-Blitz-September-05-2023"]
[Site "Chess.com"]
[Date "2023.09.05"]
[Round "11"]
[White "BillieKimbah"]
[Black "Fandorine"]
[Result "1-0"]
[WhiteElo "3053"]
[BlackElo "2936"]
[TimeControl "180+1"]
[EndTime "16:06:22 PDT"]
[Termination "BillieKimbah won on time"]

1. d4 Nf6 2. Nf3 g6 3. g3 Bg7 4.
Bg2 O-O 5. O-O d6 6. Nc3 Nbd7 7. e4 e5 8. a4 a5 9. Re1 Re8 10. dxe5 dxe5 11. Nb5 b6 12. Qe2 Ba6 13. Qe3 Nc5 14.
Nc3 c6 15. b3 Qc7 16. Bb2 Ne6 17. h3 h5 18. Ne2 Nc5 19. Nc3 Rad8 20. Rad1 Ne6 21.
Ne2 Nd7 22. Rd2 Kh7 23. h4 f6 24. Rdd1 Ndc5 25. Bc1 Rxd1 26. Rxd1 Rd8 27. Re1 b5 28. axb5 Bxb5 29. Bh3 Qe7 30. Nc3 Nd4 31. Nxb5 cxb5 32. Nxd4 exd4 33. Qf3 d3 34. cxd3 Nxd3 35. Rf1 a4 36. bxa4 bxa4 37. Rd1 Ne5 38. Qe2 Ra8 39.
Bb2 a3 40. Ba1 Qc5 41. Kg2 a2 42. f4 Nc4 43. Rd3 Qb5 44. f5 Ne5 45. fxg6+ Kg8 46. Rd2 Qxe2+ 47. Rxe2 Ng4 48. Bxg4 hxg4 49. h5 f5 50. e5 Re8 51. Rxa2 Kf8 52. Ra7 Re7 53. Ra8+ Re8 54. Rxe8+ Kxe8 55. Bd4 Ke7 56. Kf2 Ke6 57. Ke3 Bh6+ 58. Kd3 Kd5 59. Bc3 Bf8 60. Bd2 Kxe5 61.
h6 Kf6 62. g7 Bxg7 63. Bc3+ Kf7 64. hxg7 1-0

[Event "Late-Titled-Tuesday-Blitz-September-05-2023"]
[Site "Chess.com"]
[Date "2023.09.05"]
[Round "11"]
[White "Bauman_Guy"]
[Black "lachesisQ"]
[Result "0-1"]
[WhiteElo "2911"]
[BlackElo "3064"]
[TimeControl "180+1"]
[EndTime "16:06:22 PDT"]
[Termination "lachesisQ won by checkmate"]

1. e4 e6 2. d4 d5 3. Nc3 Bb4 4. e5 Ne7 5. a3 Bxc3+ 6. bxc3 c5 7. Qg4 O-O 8. Bd3 f5 9. exf6 Rxf6 10. Bg5 e5 11. Qh4 e4 12. Bxf6 gxf6 13. Qxf6 exd3 14. Qg5+ Kf7 15. Nf3 Nbc6 16. cxd3 Bf5 17. O-O Qg8 18. dxc5 Qxg5 19. Nxg5+ Kf6 20. Nf3 Bxd3 21. Rfe1 Rg8 22. Nd4 Nxd4 23. cxd4 Nf5 24. Rad1 Bc2 25. Rd2 Be4 26. f3 Bxf3 27. Re5 Be4 28. Rf2 h5 29. h3 h4 30. Kh2 Rg3 31. Re8 Rxa3 32. Rb8 Ke6 33. Rxb7 Nxd4 34. Rb8 Rc3 35. Ra8 Nc6 36. Rh8 Rxc5 37. Rh6+ Ke5 38. Rxh4 a5 39. Ra2 Nb4 40. Ra3 Rc2 41. Rg4 Ra2 42. Rgg3 d4 43. Rg5+ Kf4 44. Rgxa5 Rxa3 45. Rxa3 d3 46. Ra1 d2 47. Rd1 Ke3 48.
g4 Bc2 49. Rxd2 Kxd2 50. Kg3 Ke3 51. h4 Ke4 52. h5 Ke5 53. g5 Nd5 54. g6 Kf6 55.
Kg4 Bd1+ 56. Kh4 Ne7 57. g7 Kxg7 58. Kg5 Ng8 59. Kh4 Kf6 60. Kg3 Bxh5 61. Kf2 Ke5 62.
Ke3 Nf6 63. Kd3 Ne4 64. Kc4 Be8 65. Kd3 Bb5+ 66. Ke3 Ng5 67. Kf2 Kf4 68. Kg2 Ne4 69.
Kh3 Kf3 70. Kh4 Be8 71. Kh3 Ng3 72. Kh4 Kf4 73. Kh3 Bc6 74. Kh4 Bd5 75. Kh3 Nf5 76.
Kh2 Kf3 77. Kh3 Bc4 78. Kh2 Kf2 79. Kh3 Be2 80. Kh2 Bg4 81. Kh1 Ng3+ 82. Kh2 Nf1+ 83. Kh1 Bf3# 0-1

[Event "Late-Titled-Tuesday-Blitz-September-05-2023"]
[Site "Chess.com"]
[Date "2023.09.05"]
[Round "11"]
[White "Francisco_Ferrari"]
[Black "Nick12772"]
[Result "0-1"]
[WhiteElo "2165"]
[BlackElo "2343"]
[TimeControl "180+1"]
[EndTime "16:06:26 PDT"]
[Termination "Nick12772 won by checkmate"]

1. e4 e6 2. d4 d5 3. exd5 exd5 4.
Nf3 Bd6 5. Be2 Ne7 6. Nbd2 O-O 7. O-O Bg4 8. Ne5 Bxe2 9. Qxe2 Nbc6 10. c3 Re8 11.
Ndf3 f6 12. Nd3 Ng6 13. Qd1 Nce7 14. Qb3 Rb8 15. Re1 c6 16. c4 dxc4 17. Qxc4+ Nd5 18. Bd2 Kh8 19. Nc5 Bxc5 20. dxc5 Qd7 21. Rad1 Rxe1+ 22. Rxe1 Re8 23. Kf1 Rxe1+ 24. Kxe1 Qe6+ 25. Qe2 Ngf4 26. Bxf4 Qxe2+ 27. Kxe2 Nxf4+ 28. Ke3 Nxg2+ 29. Ke4 g5 30. Kf5 Kg7 31. Ke6 Nf4+ 32. Kd7 Nd3 33. b4 Nxb4 34.
Kc7 b6 35. cxb6 axb6 36. Kxb6 Nxa2 37. Kxc6 Nc3 38. Nd2 Nd1 39. f3 Ne3 40. Kc5 Kg6 41. Kd4 Nf5+ 42. Ke4 Nd6+ 43. Ke3 Nf7 44. Ne4 h5 45.
Kf2 Ne5 46. Ng3 f5 47. Ne2 f4 48. h4 Nd3+ 49. Kg2 g4 50. Nd4 Ne5 51. Ne6 gxf3+ 52. Kf2 Kf5 53. Ng7+ Kg6 54. Ne6 Kf5 55. Ng7+ Kg4 56.
Ne6 Kxh4 57. Nxf4 Kg4 58. Ne6 Nd3+ 59. Ke3 f2 60. Kxd3 f1=Q+ 61. Kd4 Qf6+ 62. Kd5 Qxe6+ 63.
Kxe6 h4 64. Ke7 h3 65. Kd7 h2 66. Kc7 h1=Q 67. Kb6 Qd1 68. Kb5 Qc1 69. Kb4 Kf5 70. Ka4 Ke4 71. Kb3 Kd3 72. Ka2 Qc8 73. Kb3 Qb7+ 74. Ka4 Kc4 75. Ka3 Qb3# 0-1

[Event "Late-Titled-Tuesday-Blitz-September-05-2023"]
[Site "Chess.com"]
[Date "2023.09.05"]
[Round "11"]
[White "ckgchess"]
[Black "FairChess_on_YouTube"]
[Result "1-0"]
[WhiteElo "2851"]
[BlackElo "3009"]
[TimeControl "180+1"]
[EndTime "16:06:29 PDT"]
[Termination "ckgchess won by resignation"]

1. e4 a6 2. a3 c6 3. Nc3 d5 4.
d4 dxe4 5. Nxe4 Bf5 6. Nc5 Qc8 7. Nf3 Nd7 8. Bc4 Ngf6 9. O-O e6 10. b4 Be7 11. Re1 O-O 12. Bf4 Rd8 13. Qe2 Nb6 14.
Bb3 Nbd5 15. Bd2 b6 16. Nd3 b5 17. Nc5 a5 18. bxa5 Bg4 19. h3 Bh5 20. Nd3 Bd6 21.
a4 b4 22. Nde5 Rxa5 23. Qc4 Bxf3 24. Nxf3 Nb6 25. Qe2 Nfd5 26. Qe4 Be7 27. Ne5 Bf6 28. Ng4 Qa8 29. Qf3 Bxd4 30. Rad1 c5 31. Bg5 Rf8 32. Qg3 Kh8 33. c4 bxc3 34. Bc2 Rxa4 35.
Qh4 f5 36. Rxe6 Ra2 37. Bd3 Qa4 38. Rde1 Ra1 39. Bxf5 Rxe1+ 40. Rxe1 Rxf5 41. Qh5 g6 42. Qh4 Bxf2+ 43. Nxf2 Qxh4 44. Bxh4 c2 45. Rc1 Nb4 46. Be7 Nc4 47. Ne4 Re5 48. Bxc5 Rxe4 49.
Bxb4 Ne3 50. Bd2 Nxg2 51. Bc3+ Kg8 52. Kxg2 Re2+ 53. Kf3 Rh2 54. Kg3 Re2 55. Kf3 Rh2 56. Kg4 Rg2+ 57. Kf4 Rh2 58. Be5 Kf7 59. Kg4 Re2 60. Bf4 Ke6 61. Kf3 Kf5 62. Kxe2 Kxf4 63. Rxc2 Kg3 64. Rc3+ Kh4 65. Kf2 h5 66. Kg2 g5 67.
Rc4+ g4 68. hxg4 hxg4 69. Kh2 1-0

[Event "Late-Titled-Tuesday-Blitz-September-05-2023"]
[Site "Chess.com"]
[Date "2023.09.05"]
[Round "11"]
[White "MagnusCarlsen"]
[Black "K_A_S_T_O_R"]
[Result "1/2-1/2"]
[WhiteElo "3238"]
[BlackElo "2964"]
[TimeControl "180+1"]
[EndTime "16:06:39 PDT"]
[Termination "Game drawn by repetition"]

1. e4 c5 2. Nf3 d6 3. d4 cxd4 4. Nxd4 Nf6 5. Nc3 a6 6. h3 e6 7. g4 h6 8. Bg2 Be7 9. Be3 Nc6 10.
Qe2 Nxd4 11. Bxd4 e5 12. Be3 b5 13. O-O-O b4 14. Nd5 Nxd5 15. exd5 O-O 16. Kb1 f5 17.
f4 exf4 18. Bxf4 fxg4 19. Bc1 Bg5 20. hxg4 Bxc1 21. Rxc1 Qg5 22. Bf3 Bd7 23. Rh3 Rf4 24. Rg3 Raf8 25. b3 Bb5 26. Qe6+ Kh8 27. Bd1 R4f6 28. Qe4 Rf1 29. Qxb4 Be2 30. Qxd6 Bxd1 31. Kb2 R1f6 32. Qb4 Bf3 33. Re1 Bxd5 34. Rd3 Bg8 35. Re7 Rf4 36. Qd6 Qf6+ 37. Qxf6 R4xf6 38. c4 Rg6 39. Rd4 Kh7 40. Ka3 Be6 41. c5 Bxg4 42. c6 Rc8 43. c7 h5 44. Rc4 Re6 45. Rd7 Ree8 46. Rd6 Re7 47. Rdc6 Bd7 48. R6c5 Bb5 49. Rc3 Kh6 50.
Kb4 g5 51. Ka5 Bd7 52. Kxa6 g4 53. Kb7 Ree8 54. Rd3 Be6 55. Rd6 g3 56. Re5 Rxc7+ 57. Kxc7 g2 58. Rexe6+ Rxe6 59. Rxe6+ Kg7 60. Re1 h4 61.
Rg1 h3 62. b4 Kf6 63. Kb6 h2 64. Rxg2 h1=Q 65. Rc2 Qe4 66. Rc6+ Ke7 67. b5 Kd7 68. Rc7+ Kd8 69. Rc6 Qd4+ 70. Kb7 Qa4 71. Rc8+ Kd7 72. Rc7+ Kd6 73. b6 Qxa2 74. Rc6+ Kd7 75.
Rc7+ Kd8 76. Rc8+ Kd7 77. Rc7+ Kd6 78. Rc6+ Kd5 79. Rc7 Qa4 80. Kb8 Kd6 81. b7 Qe8+ 82.
Rc8 Qd7 83. Ka7 Qa4+ 84. Kb8 Kd7 85. Rc7+ Kd8 86. Rc8+ Kd7 87. Rc7+ Kd8 88. Rc8+ Kd7 1/2-1/2

[Event "Late-Titled-Tuesday-Blitz-September-05-2023"]
[Site "Chess.com"]
[Date "2023.09.05"]
[Round "11"]
[White "laskakid"]
[Black "Mariia89"]
[Result "1-0"]
[WhiteElo "2228"]
[BlackElo "1984"]
[TimeControl "180+1"]
[EndTime "16:06:41 PDT"]
[Termination "laskakid won by checkmate"]

1. d4 Nf6 2. c4 c5 3. d5 b5 4. Qc2 b4 5. e4 d6 6. f4 g6 7. Bd3 Bg7 8. Nf3 O-O 9. O-O Bg4 10. Nbd2 Nbd7 11. Ne1 Nb6 12. h3 Bd7 13. Nef3 a5 14. Re1 Ne8 15. Nf1 a4 16. Rb1 Nc7 17. a3 Na6 18. e5 Qc8 19. Ng5 h6 20. Nf3 Rb8 21.
Qe2 Nc7 22. g4 h5 23. gxh5 Bf5 24. hxg6 Bxd3 25. gxf7+ Rxf7 26. Qxd3 Qxh3 27. Re2 dxe5 28. Rh2 Qf5 29. Qxf5 Rxf5 30. Ng3 Rbf8 31. Nxf5 Rxf5 32. Nxe5 Bxe5 33. fxe5 Nxc4 34. Rg2+ Kf7 35. Rf2 Rxf2 36. Kxf2 Nxe5 37. Bf4 Nd3+ 38. Ke3 Nxf4 39. Kxf4 Nxd5+ 40. Ke5 e6 41. Rc1 bxa3 42. bxa3 Ne7 43. Rxc5 Ng6+ 44. Kd6 Kf6 45. Ra5 e5 46. Rxa4 Kf5 47. Ra5 Kf4 48.
Ke6 e4 49. Rf5+ Ke3 50. Kf6 Nh4 51. Re5 Nf3 52. Re8 Kd4 53. a4 e3 54. a5 Nh4 55.
a6 Kd3 56. a7 e2 57. a8=Q Nf3 58. Qa6+ Kd2 59. Qxe2+ Kc1 60. Qxf3 Kd2 61. Re2+ Kd1 62. Qf1# 1-0

[Event "Late-Titled-Tuesday-Blitz-September-05-2023"]
[Site "Chess.com"]
[Date "2023.09.05"]
[Round "11"]
[White "kacprekt"]
[Black "queen_iryna"]
[Result "0-1"]
[WhiteElo "2418"]
[BlackElo "2354"]
[TimeControl "180+1"]
[EndTime "16:06:45 PDT"]
[Termination "queen_iryna won by resignation"]

1. d4 d6 2. e4 Nf6 3. Nc3 e5 4. Nge2 Nc6 5. h3 Be7 6. g4 O-O 7. Bg2 Re8 8. O-O Bf8 9. Be3 exd4 10. Nxd4 Nxd4 11. Bxd4 Bd7 12. g5 Nxe4 13. Nxe4 Bxh3 14. Nf6+ gxf6 15. Bxh3 fxg5 16. Bf5 Bg7 17. Kg2 Bxd4 18. Qxd4 Re5 19. Bd3 Qf6 20. Rh1 h6 21. Rh3 Kg7 22.
Rah1 Rh8 23. Rf3 Rf5 24. Qxf6+ Rxf6 25. Rxf6 Kxf6 26. Rh5 Ke5 27. Kg3 f5 28. f4+ gxf4+ 29. Kf3 d5 30. Rxf5+ Ke6 31. Rxf4 h5 32. Bf5+ Ke5 33.
Bh3 h4 34. Rf5+ Kd6 35. Rf6+ Kc5 36. c3 Rg8 37. Bg4 a5 38. Rh6 Rf8+ 39. Ke3 Re8+ 40. Kd3 b5 41. Rxh4 b4 42. cxb4+ axb4 43. Bf3 Ra8 44.
Rh5 c6 45. Bg4 Rxa2 46. Kc2 Ra7 47. Be6 Rg7 48. Rh2 Rg3 49. Bf5 b3+ 50. Kd2 Rf3 51. Bd3 Rf4 52. Kc3 Rb4 53. Rh5 Rb8 54. Be2 Kd6 55.
Bd1 c5 56. Bxb3 d4+ 57. Kc4 Rb4+ 58. Kd3 Rxb3+ 59. Kc2 Rg3 60. Rh6+ Kd5 61. Rh5+ Kc4 62. Rf5 Rg2+ 63. Kc1 Kb3 64. Rf3+ Kb4 65. Rh3 c4 66. Rf3 d3 67. b3 Kxb3 68. Rh3 Kc3 69. Kb1 Rg1+ 70.
Ka2 Kc2 71. Rh4 c3 72. Rh2+ d2 73. Rf2 Kc1 74. Rf3 d1=Q 75. Rxc3+ Qc2+ 76. Rxc2+ Kxc2 77. Ka3 Rb1 0-1

[Event "Late-Titled-Tuesday-Blitz-September-05-2023"]
[Site "Chess.com"]
[Date "2023.09.05"]
[Round "11"]
[White "GarayevKanan"]
[Black "NelsonLinda"]
[Result "1-0"]
[WhiteElo "2720"]
[BlackElo "2523"]
[TimeControl "180+1"]
[EndTime "16:06:47 PDT"]
[Termination "GarayevKanan won by resignation"]

1. e4 c5 2. c3 Nf6 3. e5 Nd5 4. Nf3 e6 5. d4 cxd4 6. cxd4 d6 7. Bc4 Be7 8. O-O O-O 9. Qc2 Nc6 10. Qe4 Ndb4 11. exd6 Bxd6 12. a3 Nd5 13. Bg5 Nce7 14. Bd3 f5 15. Qe2 Qe8 16. Nc3 Qg6 17. Bd2 a6 18.
Rfe1 b5 19. a4 b4 20. Nxd5 Nxd5 21. Bc4 Kh8 22. Bxd5 exd5 23. Ne5 Qf6 24. f4 Ra7 25. Rac1 a5 26. Rc6 Re7 27. Qf3 Bb7 28. Rb6 Rd8 29.
Rc1 Qf8 30. Qh3 Bc7 31. Ng6+ Kg8 32. Nxf8 Bxb6 33. Qxh7+ Kxf8 34. Qh8+ Kf7 35. Qh5+ Kg8 36. Qxf5 Bxd4+ 37. Kh1 Bxb2 38. Re1 Rde8 39. Rxe7 Rxe7 40.
h4 Bf6 41. h5 d4 42. h6 Re2 43. Qb5 Bxg2+ 44. Kg1 Rxd2 45. h7+ Kxh7 46. Qh5+ Kg8 47. Qe8+ Kh7 48. Qh5+ Kg8 49. f5 Be4 50. Qe8+ Kh7 51. Qxe4 Rd1+ 52. Kf2 Rd2+ 53. Ke1 Rh2 54. Qf4 Rh4 55.
Qg3 Re4+ 56. Kd1 Re3 57. Qg6+ Kh8 58. Qh5+ Kg8 59. Qh1 Re7 60. Qd5+ Kh7 61. Qxa5 d3 62. Qxb4 Bg5 63. Qg4 Bh6 64. Qg6+ Kh8 65. f6 Rc7 66. Qe8+ Kh7 67. Qe4+ Kg8 68. Qxd3 gxf6 69. Qd8+ Bf8 1-0